 Dungeon Crawl Stone Soup version 0.21.1-1-g345015f (webtiles) character file.

573 Iko the Covered (level 7, -4/61 HPs)
             Began as a Deep Dwarf Skald on May 3, 2018.
             Was a Follower of the Shining One.
             Slain by a wyvern (12 damage)
             ... on level 8 of the Dungeon.
             The game lasted 00:16:11 (1492 turns).

Iko the Covered (Deep Dwarf Skald)                  Turns: 1492, Time: 00:16:11

Health: -4/61      AC: 10    Str: 13 (14) XL:     7   Next: 12%
Magic:  8/8        EV:  7    Int: 14      God:    the Shining One [*.....]
Gold:   97         SH:  0    Dex: 14      Spells: 0/10 levels left

rFire    . . .     SeeInvis .   a - +0 dire flail (holy)
rCold    . . .     Gourm    .   (shield currently unavailable)
rNeg     . . .     Faith    .   e - +1 chain mail
rPois    .         Spirit   .   (no helmet)
rElec    .         Reflect  .   (no cloak)
rCorr    .         Harm     .   (no gloves)
MR       +....                  (no boots)
Stlth    ..........             (no amulet)
HPRegen  0.00/turn              (no ring)
MPRegen  0.11/turn              (no ring)

@: starving, non-regenerating, glowing
A: damage resistance, heal wounds, sense surroundings 1, no regeneration
a: Heal Wounds, Renounce Religion


You were on level 8 of the Dungeon.
You worshipped the Shining One.
The Shining One was aware of your devotion.
You were starving.

You visited 1 branch of the dungeon, and saw 8 of its levels.

You collected 97 gold pieces.

Inventory:

Hand Weapons
 a - a +0 dire flail of holy wrath (weapon)
Missiles
 i - 5 tomahawks (quivered)
Armour
 e - a +1 chain mail (worn)
Wands
 b - a wand of iceblast (5)
Scrolls
 f - a scroll of teleportation
 g - a scroll of remove curse
 h - a scroll of identify
Potions
 j - a potion of curing
Books
 c - a book of Battle

   Spells                             Type                      Level
   a - Infusion                       Charms                       1
   b - Shroud of Golubria             Charms/Translocation         2
   c - Song of Slaying                Charms                       2
   d - Spectral Weapon                Hexes/Charms                 3
   e - Regeneration                   Charms/Necromancy            3
 k - a book of Frost

   Spells                             Type                      Level
   a - Freeze                         Ice                          1
   b - Throw Frost                    Conjuration/Ice              2
   c - Ozocubu's Armour               Charms/Ice                   3
   d - Throw Icicle                   Conjuration/Ice              4
   e - Summon Ice Beast               Ice/Summoning                4
Comestibles
 d - 5 rations


   Skills:
 + Level 2.8 Fighting
   Level 2.0(3.8) Axes
 + Level 4.6(4.8) Maces & Flails
 + Level 4.7 Armour
 + Level 2.9 Dodging
 + Level 2.1 Spellcasting
 + Level 3.1 Charms


You couldn't memorise any spells.
You knew the following spells:

 Your Spells              Type           Power        Failure   Level  Hunger
a - Infusion              Chrm           ##..         86%         1    #......
b - Song of Slaying       Chrm           ##......     94%         2    ###....
c - Summon Ice Beast      Ice/Summ       #.......     100%        4    #####..
d - Spectral Weapon       Hex/Chrm       #.......     100%        3    ###....


Dungeon Overview and Level Annotations

Branches:
Dungeon (8/15)
 Temple: D:4-7         Lair: D:8-11

Altars:
Gozag
Uskayaw
The Shining One

Portals:
Bailey: D:7


Innate Abilities, Weirdness & Mutations

You are resistant to damage.
You can heal yourself by infusing magical energy.
You passively map a small area around you.
You do not regenerate.


Message History

You and your allies can gain power from killing the unholy and evil.
A wyvern comes into view.
The wyvern hisses angrily.
Found a whip.
Found a hide-covered altar of Uskayaw.
The wyvern bites you! The wyvern bites you!
You hit the wyvern.
The wyvern is moderately wounded.
The wyvern bites you. The wyvern bites you!
* * * LOW HITPOINT WARNING * * *
You're too hungry.
You barely miss the wyvern.
The wyvern is moderately wounded.
The wyvern bites you but does no damage.
You hit the wyvern.
The wyvern is heavily wounded.
The wyvern bites you!
* * * LOW HITPOINT WARNING * * *
The wyvern bites you!
You die...

### , ._* .#####.*
.......### *.......$.#
.........######## ,
.........l@.....# ,
.........##.###.### ,
*.).......#.........,,
.......####.###...., ,
.......* #.# #.###
........###.###.#
#.###...........# #.
#.#.###.###.# , , *
#<# #.# *


You could see a wyvern.

Vanquished Creatures
  The ghost of Mirai the Sneak, an amateur KoEn (D:3)
  Edmund (D:6)
  A bullfrog zombie (D:8)
  2 hounds
  An iguana (D:7)
  An orc wizard (D:4)
  2 worker ants (D:7)
  Terence (D:2)
  A killer bee zombie (D:7)
  A worker ant zombie (D:8)
  2 adders
  An ooze (D:1)
  A worm (D:3)
  2 leopard geckos
  6 orcs
  A giant cockroach (D:3)
  4 jackals
  4 kobolds
  5 quokkas
  A bat (D:1)
  A frilled lizard (D:1)
  5 rats
45 creatures vanquished.

Notes
Turn   | Place    | Note
-------+----------+-------------------------------------------
     0 | D:1      | Iko the Deep Dwarf Skald began the quest for the Orb.
     0 | D:1      | Reached XP level 1. HP: 19/19 MP: 3/3
   346 | D:1      | Reached XP level 2. HP: 12/26 MP: 5/5
   389 | D:2      | Noticed Terence
   420 | D:2      | Killed Terence
   420 | D:2      | Reached XP level 3. HP: 31/32 MP: 5/5
   469 | D:2      | Found a glowing golden altar of the Shining One.
   488 | D:2      | Became a worshipper of the Shining One
   493 | D:2      | Learned a level 2 spell: Song of Slaying
   538 | D:3      | Noticed Mirai's ghost (amateur KoEn)
   645 | D:3      | Killed Mirai's ghost
   645 | D:3      | Reached XP level 4. HP: 36/40 MP: 6/6
   645 | D:3      | Reached XP level 5. HP: 41/46 MP: 7/7
   991 | D:3      | Reached XP level 6. HP: 55/55 MP: 8/8
  1058 | D:5      | Entered Level 5 of the Dungeon
  1302 | D:6      | Noticed Edmund
  1319 | D:6      | Reached skill level 1 in Axes
  1324 | D:6      | Killed Edmund
  1390 | D:7      | Found a flagged portal.
  1417 | D:7      | Reached XP level 7. HP: 38/61 MP: 8/8
  1418 | D:7      | Found an opulent altar of Gozag.
  1443 | D:7      | Learned a level 4 spell: Summon Ice Beast
  1469 | D:8      | Learned a level 3 spell: Spectral Weapon
  1484 | D:8      | Noticed a wyvern
  1484 | D:8      | Reached * piety under the Shining One
  1485 | D:8      | Found a hide-covered altar of Uskayaw.
  1492 | D:8      | Slain by a wyvern

Skill      XL: |  1  2  3  4  5  6 |
---------------+-------------------+-----
Spellcasting   | 2 |  2.1
Fighting       | 2 |  2.8
Charms         | 3 |  3.1
Maces & Flails | 3 4 |  4.6
Armour         | 3 4 |  4.7
Axes           | 2 |  2.0
Dodging        | |  2.9

Action                   |  1- 3 |  4- 6 |  7- 9 || total
-------------------------+-------+-------+-------++-------
Melee: Mace              |   121 |    68 |       ||   189
       War axe           |       |    21 |       ||    21
       Dire flail        |       |    20 |    12 ||    32
Throw: Tomahawk          |       |     2 |       ||     2
 Abil: Heal Wounds       |     3 |     2 |       ||     5
Evoke: Wand              |       |     1 |       ||     1
  Use: Scroll            |     3 |     3 |       ||     6
       Potion            |       |     2 |       ||     2
Armor: Leather armour    |     2 |       |       ||     2
       Chain mail        |    85 |    89 |     9 ||   183
Dodge: Dodged            |    50 |    55 |     2 ||   107
